 Dungeon Crawl Stone Soup version 0.18-a0-1304-g6d2dd1f (webtiles) character file.

58 Grap the Slasher (level 3, 0/24 HPs)
             Began as a High Elf Skald on Feb 13, 2016.
             Shot with a stone by a goblin (2 damage)
             ... on level 2 of the Dungeon.
             The game lasted 00:03:56 (1704 turns).

Grap the Slasher (High Elf Skald)                   Turns: 1704, Time: 00:03:56

Health: 0/24       AC:  3    Str: 11    XL:     3   Next: 75%
Magic:  7/7        EV: 11    Int: 15    God:
Gold:   99         SH:  0    Dex: 16    Spells: 1 memorised, 5 levels left

rFire  . . .     SeeInvis .     a - +0 falchion
rCold  . . .     Gourm    .     b - +0 leather armour
rNeg   . . .     Faith    .     (no shield)
rPois  .         Spirit   .     (no helmet)
rElec  .         Dismiss  .     (no cloak)
rCorr  .         Reflect  .     (no gloves)
SustAt .         Harm     .     (no boots)
MR     .....                    (no amulet)
Stlth  ++........               (no ring)
                                (no ring)

@: not resistant to hostile enchantments, unstealthy
A: no striking features
a: no special abilities


You were on level 2 of the Dungeon.
You were not hungry.

You visited 1 branch of the dungeon, and saw 2 of its levels.

You collected 99 gold pieces.

Inventory:

Hand Weapons
 a - a +0 falchion (weapon)
Missiles
 j - 2 tomahawks (quivered)
 m - 40 stones
Armour
 b - a +0 leather armour (worn)
Scrolls
 k - a scroll of fog {unknown}
 l - 3 scrolls of identify {unknown}
Potions
 e - 2 potions of flight {unknown}
 h - 4 potions of curing {unknown}
 i - a potion of resistance {unknown}
 n - a potion of mutation {unknown}
 o - a potion of heal wounds {unknown}
 p - a potion of degeneration {unknown}
Books
 c - a book of Battle

   Spells                             Type                      Level
   a - Infusion                       Charms                       1
   b - Shroud of Golubria             Charms/Translocation         2
   c - Song of Slaying                Charms                       2
   d - Spectral Weapon                Hexes/Charms                 3
   e - Regeneration                   Charms/Necromancy            3
Comestibles
 d - 2 bread rations
 f - 2 chunks of flesh
 g - a beef jerky


   Skills:
 - Level 2.0 Fighting
 * Level 4.3 Long Blades
 - Level 0.8 Armour
 - Level 1.1 Dodging
 + Level 2.2 Stealth
 - Level 2.4 Spellcasting
 - Level 3.6 Charms


You had 5 spell levels left.
You knew the following spells:

 Your Spells              Type           Power        Failure   Level  Hunger
a - Infusion              Chrm           ##..         10%         1    #......


Dungeon Overview and Level Annotations

Branches:
Dungeon (2/15)

Altars:
Makhleb
Okawaru


Message History

Your magical infusion is running out.
You start resting.
You are no longer magically infusing your attacks.
You start resting.
Eating one of 3 chunks of flesh.
This raw flesh tastes terrible.
You continue eating. x2
Magic restored.
You start resting.
A goblin comes into view. It is wielding a hunting sling.
A goblin is nearby!
A goblin is nearby!
The goblin shoots a stone.
The stone hits you.
* * * LOW HITPOINT WARNING * * *
You see here 4 stones.
The goblin shoots a stone.
The stone hits you.
* * * LOW HITPOINT WARNING * * *
Items here: (( )) a tomahawk; a club x2; 13 stones The goblin shoots a stone.
The stone hits you.
You die...

.................(##.##≈≈≈≈≈
###.##########.#.(....≈≈≈≈≈≈
#.# #.##....≈≈≈.... #.#
#.##(.#(≈≈..g.. #.#
#.##.(..≈≈g.### #.#
#.###(#(≈≈..# #.# #.#
#.#≈≈≈..+ #.# #.###.#≈≈≈g%#
#..@(.≈≈##### #(###.≈≈# ###
#...'... #...'... #..%'....
##≈≈#.... ≈≈##### #≈≈


You could see a goblin.

Vanquished Creatures
  An adder (D:2)
  A giant gecko (D:1)
  6 bats
  A giant cockroach (D:1)
  11 goblins
  6 hobgoblins
  2 jackals (D:2)
  4 kobolds
  2 quokkas (D:2)
  3 giant newts
  7 rats
44 creatures vanquished.

Notes
Turn   | Place    | Note
--------------------------------------------------------------
     0 | D:1      | Grap the High Elf Skald began the quest for the Orb.
     0 | D:1      | Reached XP level 1. HP: 14/14 MP: 4/4
   165 | D:1      | Reached XP level 2. HP: 12/19 MP: 6/6
   166 | D:1      | Reached skill level 1 in Stealth
   997 | D:2      | Found an iron altar of Okawaru.
  1004 | D:2      | Reached XP level 3. HP: 24/24 MP: 7/7
  1479 | D:2      | Found a burning altar of Makhleb.
  1487 | D:2      | Reached skill level 4 in Long Blades
  1704 | D:2      | Shot with a stone by a goblin

Vault maps used:
D:1:      sevenhm_arrival_forest_fort_large_4
D:2:      kennysheep_goblin_castle, okawaru_gym_becter, old_standard_altar

Action                   || total
-------------------------++-------
Melee: Falchion          ||   127
Throw: Tomahawk          ||     2
 Cast: Infusion          ||     2
 Stab: Sleeping          ||     2
  Eat: Chunk             ||     3
